 Dungeon Crawl Stone Soup version 0.25-a0-869-g05d4e06a41 (webtiles) character file.

Game seed: 4915032834103834570, levelgen mode: deterministic

972 mortelune the Archer (level 7, 0/61 HPs)
             Began as a Centaur Hunter on Apr 30, 2020.
             Was a Follower of Okawaru.
             Shot with an arrow by a centaur (16 damage)
             ... on level 6 of the Dungeon.
             The game lasted 00:13:06 (7096 turns).

mortelune the Archer (Centaur Hunter)               Turns: 7096, Time: 00:13:07

Health: 0/61       AC:  6    Str: 16    XL:     7   Next: 94%
Magic:  16/16      EV:  9    Int: 10    God:    Okawaru [*.....]
Gold:   97         SH:  0    Dex: 10    Spells: 6/6 levels left

rFire    . . .     SeeInvis .   a - +1 shortbow
rCold    . . .     Gourm    .   (shield currently unavailable)
rNeg     . . .     Faith    .   c - +0 leather armour
rPois    .         Spirit   .   (no helmet)
rElec    .         Reflect  .   G - +0 cloak
rCorr    .         Harm     .   w - +0 pair of gloves
MR       .....                  (no barding)
Stlth    +.........             (no amulet)
HPRegen  0.20/turn              o - ring of magical power
MPRegen  0.15/turn              (no ring)

@: very quick
A: large, hooves 3, deformed body, speed 2, tough skin 3
a: Heroism, Renounce Religion


You were on level 6 of the Dungeon.
You worshipped Okawaru.
Okawaru was aware of your devotion.
You were not hungry.

You visited 2 branches of the dungeon, and saw 7 of its levels.

You collected 230 gold pieces.
You spent 133 gold pieces at shops.

Inventory:

Hand Weapons
 a - a +1 shortbow (weapon)
 b - a +0 trident
 u - a +0 short sword
 F - a +0 spear
Missiles
 g - 5 javelins
 Q - 85 arrows (quivered)
Armour
 c - a +0 leather armour (worn)
 d - a +0 scale mail
 w - a +0 pair of gloves (worn)
 x - a +0 cloak
 G - a +0 cloak (worn)
 H - a scarf of cloud immunity
Jewellery
 i - an uncursed amulet of harm {unknown}
 o - a ring of magical power (left hand)
Wands
 m - a wand of scattershot (8)
 y - a wand of flame (38)
 E - a wand of acid (12)
Scrolls
 h - 2 scrolls of remove curse
 j - a scroll of fear {unknown}
 l - a scroll of fog {unknown}
 n - a scroll of amnesia
 r - a scroll of enchant armour {unknown}
 s - a scroll of noise
 t - a scroll of teleportation
 v - a scroll of immolation {unknown}
 B - a scroll of blinking
 D - 5 scrolls of random uselessness
Potions
 e - 2 potions of curing
 k - a potion of flight
 p - 3 potions of heal wounds
 q - a potion of lignification {unknown}
 z - 3 potions of degeneration
 A - a potion of magic {unknown}
 C - a potion of stabbing
Comestibles
 f - 7 rations
 I - a chunk of flesh


   Skills:
 + Level 5.0 Fighting
 * Level 4.9 Polearms
 + Level 8.9 Bows
 - Level 1.3 Dodging
 - Level 0.4 Stealth


You had 6 spell levels left.
You didn't know any spells.
Your spell library contained the following spells:

 Spells                   Type           Power        Failure   Level  Hunger
 Beastly Appendage        Tmut           #.....       43%         1    ##.....
 Magic Dart               Conj           #...         43%         1    ##.....
 Shock                    Conj/Air       #...         43%         1    ##.....
 Blink                    Tloc           N/A          56%         2    ###....
 Call Imp                 Summ           #.......     56%         2    ###....
 Slow                     Hex            #.......     56%         2    ###....
 Sticks to Snakes         Tmut           #.......     56%         2    ###....
 Swiftness                Chrm/Air       #.......     56%         2    ###....
 Conjure Flame            Conj/Fire      #.......     80%         3    ####...
 Mephitic Cloud           Conj/Pois/Air  #.......     80%         3    ####...
 Spider Form              Tmut/Pois      #.........   80%         3    ####...
 Static Discharge         Conj/Air       #.......     80%         3    ####...
 Airstrike                Air            #.........   99%         4    #####..
 Ice Form                 Ice/Tmut       #.......     99%         4    #####..
 Blade Hands              Tmut           #.........   100%        5    ######.
 Lightning Bolt           Conj/Air       #.........   100%        5    ######.


Dungeon Overview and Level Annotations

Branches:
Dungeon (6/15)             Temple (1/1) D:4

Altars:
Ashenzari
Cheibriados
Dithmenos
Elyvilon
Fedhas
Gozag
Hepliaklqana
Kikubaaqudgha
Makhleb
Nemelex Xobeh
Okawaru
Qazlal
Ru
Sif Muna
Trog
Uskayaw
Vehumet
Wu Jian
Xom
Zin
The Shining One

Shops:
D:4 (   D:5 [[


Innate Abilities, Weirdness & Mutations

You have hooves in place of feet.
Armour fits poorly on your strangely shaped body.
You cover ground very quickly.
You have extremely tough skin. (AC +3)


Message History

You shoot an arrow.
The arrow hits the centaur but does no damage.
The centaur hits you!
An orc wizard comes into view. It is wielding a +0 dagger.
Firing (i - inventory. (/) - cycle)
Q - 86 arrows (quivered)
Press: ? - help, Shift-Dir - straight line, f/p - centaur
Aim: a centaur, quivering 16 arrows You shoot an arrow.
The arrow hits the centaur.
The centaur is moderately wounded.
The centaur hits you!
The orc wizard mumbles some strange words.
The orc wizard flickers and vanishes!
Deactivating autopickup; reactivate with Ctrl-A.
The centaur wields a +0 shortbow.
The centaur shoots an arrow.
The arrow misses you.
The centaur shoots an arrow.
The arrow hits you!
* * * LOW HITPOINT WARNING * * *
You see here an arrow.
The centaur shoots an arrow.
The arrow hits you!
You die...

#.# *,,,,,, #.#####
*************,,,,,, ###....<#
*>,,,,,,,,,,*,,,,,, ***#.......##
*,******,,,,*,,,,,, *,,+........#
*,* *,,,,,.,,,,,
*,*#.......)###+#####*,,,,..,,,,,
*,*+...<............#*,,,...**,**
*,*#................#*,,..#,,,,**
*,*#$$.'#+#†....@...#*,(.(#,,,,,,
*,*#$_..#,#......(..##o...#.,,,,,
*,*#$$..#,#.###(....coo...({,,,,,
*,*#....#,#.# ###########.##,*,,,
*,*######,#.# *,**,*,,,
*,*******,#.# *,**,,,**
*,,,,,,,*,#.# *,***,,*
*******,*,..# *,* *,,* *,*,*****
*,* *,,*


You could see an orc warrior, a centaur and an orc.

Vanquished Creatures
  A phantom (D:5)
  A bullfrog (D:6)
  A howler monkey (D:4)
  A crimson imp (D:5)
  A bullfrog zombie (D:5)
  A bullfrog skeleton (D:5)
  A centaur skeleton (D:4)
  2 hounds
  A jelly (D:5)
  2 orc priests
  3 orc wizards (D:4)
  An iguana (D:5)
  Natasha (D:3)
  4 worker ants
  A hound skeleton (D:5)
  Robin (D:2)
  7 gnolls (D:5)
  8 adders
  An ooze (D:3)
  An adder skeleton (D:4)
  3 worms (D:2)
  5 dart slugs
  4 leopard geckos
  7 orcs
  2 ball pythons
  4 bats
  3 giant cockroaches
  14 goblins
  10 hobgoblins
  4 jackals (D:4)
  2 quokkas
  8 frilled lizards
  2 kobolds (D:3)
  5 rats
113 creatures vanquished.

Notes
Turn   | Place    | Note
-------+----------+-------------------------------------------
     0 | D:1      | mortelune the Centaur Hunter began the quest for the Orb.
     0 | D:1      | Reached XP level 1. HP: 17/17 MP: 1/1
   533 | D:1      | Reached XP level 2. HP: 21/24 MP: 2/2
  1361 | D:2      | Reached skill level 6 in Bows
  1565 | D:2      | Reached XP level 3. HP: 16/30 MP: 3/3
  1904 | D:2      | Noticed Robin
  2015 | D:2      | Reached XP level 4. HP: 37/37 MP: 4/4
  2113 | D:2      | Killed Robin
  2113 | D:2      | Reached skill level 7 in Bows
  3386 | D:3      | Reached skill level 1 in Polearms
  3386 | D:3      | Reached XP level 5. HP: 45/45 MP: 5/5
  3971 | D:3      | Noticed Natasha
  3982 | D:3      | Killed Natasha
  4262 | D:4      | Found Ugasootz's Weapon Emporium.
  4385 | D:4      | Reached XP level 6. HP: 46/52 MP: 6/6
  4483 | D:4      | Found a stormy altar of Qazlal.
  4598 | D:4      | Found a staircase to the Ecumenical Temple.
  4605 | Temple   | Entered the Ecumenical Temple
  4650 | Temple   | Became a worshipper of Warmaster Okawaru
  5068 | D:4      | Reached skill level 8 in Bows
  5417 | D:5      | Entered Level 5 of the Dungeon
  5525 | D:5      | Reached XP level 7. HP: 57/59 MP: 7/7
  5621 | D:5      | Found a sparkling altar of Nemelex Xobeh.
  5621 | D:5      | Found an ornate altar of the Wu Jian Council.
  5621 | D:5      | Found a hide-covered altar of Uskayaw.
  5864 | D:5      | Found a radiant altar of Vehumet.
  5886 | D:5      | Reached * piety under Okawaru
  6165 | D:4      | Bought a +0 trident for 49 gold pieces
  6734 | D:5      | Found Edghoqum's Armour Shop.
  6739 | D:5      | Bought a scarf of cloud immunity for 84 gold pieces
  6756 | D:5      | Found Unan's Armour Shoppe.
  7037 | D:6      | Found an opulent altar of Gozag.
  7061 | D:6      | Reached skill level 5 in Fighting
  7096 | D:6      | Shot with an arrow by a centaur

Levels and vault maps discovered:
D:1:      ebering_trefoil_twist, layout_basic, serial_corexii_hall,
          corexii_hall_statues_l, corexii_hall_statues_l,
          chequers_hall_statues_y, corexii_hall_statues_t
D:2:      layout_basic, uniq_robin
D:3:      layout_basic, glass_columns_b, uniq_natasha
D:4:      layout_loops_ring, minmay_temple_entry_hall, first_ration,
          serial_shops, nicolae_shop_temple_entry_statues_fountains,
          hangedman_abyss_or_decor_lesser_grid, grunt_qazlal_clouds
D:5:      layout_layer_cave, chequers_temple_overflow_statue_of_worship,
          serial_shops, kennysheep_little_box, shop, vehumet_altar_wand_db
D:6:      layout_basic, nicolae_gozag_seed_capital, gup_sewer_entry_glass,
          uniq_edmund
Temple:   compressed_dpeg_circular_temple

Skill      XL: |  1  2  3  4  5  6  7 |
---------------+----------------------+-----
Bows           | 6 7 8 |  8.9
Fighting       | 3 4 5 |  5.0
Polearms       | 1 2 3 4 |  4.9
Dodging        | |  1.3
Stealth        | |  0.4

Action                   |  1- 3 |  4- 6 |  7- 9 || total
-------------------------+-------+-------+-------++-------
Melee: Short sword       |    26 |       |       ||    26
       Kick              |     1 |    32 |     8 ||    41
       Spear             |       |   162 |    14 ||   176
       Trident           |       |       |    12 ||    12
 Fire: Shortbow          |    69 |   102 |   100 ||   271
  Use: Scroll            |       |     9 |     3 ||    12
  Eat: Chunk             |     2 |     9 |     4 ||    15
Armor: Leather armour    |    18 |    60 |    14 ||    92
Dodge: Dodged            |    29 |    80 |    23 ||   132

Table legend:
 A = Non-vault XP
 B = Vault XP
 C = Vault XP percentage of total XP
 D = Non-vault monster count
 E = Vault monster count
 F = Vault count percentage of total count
                 A         B        C        D         E       F
            +---------+---------+-------+---------+---------+-------
      Total |    1314 |      75 |   5.4 |      98 |      15 |  13.3
            +---------+---------+-------+---------+---------+-------
        D:1 |      21 |       0 |   0.0 |      11 |       0 |   0.0
        D:2 |      94 |      38 |  28.8 |      23 |      13 |  36.1
        D:3 |     113 |      35 |  23.6 |      19 |       1 |   5.0
        D:4 |     345 |       0 |   0.0 |      18 |       0 |   0.0
        D:5 |     612 |       2 |   0.3 |      24 |       1 |   4.0
        D:6 |     129 |       0 |   0.0 |       3 |       0 |   0.0
            +---------+---------+-------+---------+---------+-------
